 Dungeon Crawl Stone Soup version 0.29-a0-643-ga013cefcf8 (webtiles) character file.

Game seed: 11184363597298293450

220 avis the Chiller (level 5, -1/41 HPs)
             Began as a Demigod Ice Elementalist on June 19, 2022.
             Slain by an iguana (11 damage)
             ... on level 4 of the Dungeon.
             The game lasted 00:23:59 (4200 turns).

avis the Chiller (Demigod Ice Elementalist)         Turns: 4200, Time: 00:24:00

Health: -1/41      AC:  9    Str:  9    XL:     5   Next: 37%
Magic:  6/12       EV: 12    Int: 17    God:
Gold:   175        SH:  0    Dex: 18    Spells: 6/10 levels left

rFire   + . .      SeeInvis .   b - +0 hunting sling
rCold   . . .      Faith    .   (no shield)
rNeg    . . .      Spirit   .   c - +0 robe
rPois   .          Reflect  .   q - +0 helmet
rElec   .          Harm     .   (no cloak)
rCorr   .          Rampage  .   (no gloves)
Will    .....                   (no boots)
Stlth   ++........              (no amulet)
HPRegen 0.13/turn               v - ring of protection from fire
MPRegen 0.13/turn               (no ring)

@: ice-armoured
A: high MP 1, forlorn, divine attributes
a: no special abilities


You were on level 4 of the Dungeon.
You visited 1 branch of the dungeon, and saw 4 of its levels.

You collected 175 gold pieces.

Inventory:

Hand Weapons
 a - a +0 dagger
 b - a +0 hunting sling (weapon)
 h - a +0 war axe
Missiles
 i - 8 poisoned darts
 k - 5 boomerangs
Armour
 c - a +0 robe (worn)
 q - a +0 helmet (worn)
Jewellery
 v - a ring of protection from fire (left hand)
Scrolls
 d - 3 scrolls of identify {unknown}
 g - a scroll of immolation {unknown}
 l - a scroll of blinking {unknown}
 n - 2 scrolls of magic mapping {unknown}
 s - 2 scrolls of amnesia {unknown}
 t - a scroll of fear {unknown}
Potions
 e - a potion of attraction {unknown}
 f - a potion of berserk rage {unknown}
 j - a potion of resistance {unknown}
 m - 2 potions of brilliance {unknown}
 o - 3 potions of curing {unknown}
 p - 2 potions of magic
 r - a potion of lignification {unknown}
 u - a potion of invisibility {unknown}


   Skills:
 - Level 2.0 Fighting
 - Level 2.0 Dodging
 - Level 2.0 Stealth
 - Level 3.0 Spellcasting
 * Level 5.1 Ice Magic


You had 6 spell levels left.
You knew the following spells:

 Your Spells              Type           Power      Damage    Failure   Level
a - Freeze                Ice            80%        1d9       2%          1
o - Ozocubu's Armour      Ice            20%        N/A       6%          3

Your spell library contained the following spells:

 Spells                   Type           Power      Damage    Failure   Level
 Frozen Ramparts          Ice            40%        1d6       6%          3
 Ensorcelled Hibernation  Hex/Ice        22%        N/A       10%         2
 Passwall                 Tmut/Erth      1%         N/A       26%         2
 Portal Projectile        Hex/Tloc       4%         N/A       45%         3
 Summon Guardian Golem    Hex/Summ       2%         N/A       45%         3
 Swiftness                Air            2%         N/A       45%         3
 Tukima's Dance           Hex            2%         N/A       45%         3
 Hailstorm                Conj/Ice       11%        3d5       52%         4
 Blade Hands              Tmut           1%         N/A       99%         5
 Orb of Destruction       Conj           1%         9d5       100%        7
 Spellforged Servitor     Conj/Summ      1%         N/A       100%        7


Dungeon Overview and Level Annotations

Branches:
Dungeon (4/15)
 Temple: D:4-7

Annotations:
D:3 2 transporters, gebbletook2's ghost, amateur GrFi
D:4 Menkaure


Innate Abilities, Weirdness & Mutations

You have an increased reservoir of magic. (+10% MP)
You shall have no god before yourself.
Your divine heritage dramatically boosts your attributes as you level up.


Message History

Press: ? - help, Shift-Dir - straight line, f - adder, p - iguana
Aim: an adder You freeze the adder!
The adder is severely wounded.
The adder seems to slow down.
The adder bites you.
You are poisoned.
The adder poisons you!
Casting: Freeze (safe; 2% risk of failure)
Confirm with . or Enter, or press ? or * to list all spells.
Aiming: Freeze (safe; 2% risk of failure)
Press: ? - help, Shift-Dir - straight line, f/p - adder
Aim: an adder (severely wounded, slow)
You freeze the adder.
The adder is almost dead.
You feel sick. The adder closely misses you.
Casting: Freeze (safe; 2% risk of failure)
Confirm with . or Enter, or press ? or * to list all spells.
Aiming: Freeze (safe; 2% risk of failure)
Press: ? - help, Shift-Dir - straight line, f/p - adder
Aim: an adder (almost dead, slow)
You freeze the adder.
You kill the adder!
You feel sick. The iguana misses you. The iguana attacks as you move away!
The iguana bites you!
You feel sick. The iguana attacks as you move away! The iguana bites you!
You feel sick.
You feel sick.
Casting: Freeze (safe; 2% risk of failure)
Confirm with . or Enter, or press ? or * to list all spells.
Aiming: Freeze (safe; 2% risk of failure)
Press: ? - help, Shift-Dir - straight line, f - iguana
Aim: an iguana You freeze the iguana.
The iguana is lightly wounded.
You feel sick. The iguana barely misses you.
Casting: Freeze (safe; 2% risk of failure)
Confirm with . or Enter, or press ? or * to list all spells.
A film of ice covers your body!
You feel sick.
You are no longer poisoned.
The iguana bites you!
You die...

# ..............#..
[.##..........###.# .
...............#..#
....###.........#.#......
....#....##.......#...#..
##.......##.†...##.#..####
.##.........#.....##.#..#
.#...........##.###.......
......#......@l###..##........
#.....#........#.......#w##...
#........#.........#...#.. ...
##.....#..#....#........#...
.. ###.....##.##....#..###...#
.#.......#.........## .....
.....^.....#........# ....#
...........##......... #._.#
........######......## ...


You could see an iguana.

Vanquished Creatures
  2 iguanas (D:3)
  An orc wizard (D:3)
  Robin (D:1)
  4 adders
  2 worms (D:3)
  A dart slug (D:2)
  5 orcs (D:3)
  3 ball pythons
  4 bats
  5 endoplasms
  4 giant cockroaches
  13 goblins
  8 hobgoblins
  11 jackals
  A quokka (D:3)
  3 frilled lizards
  3 kobolds
  6 rats
77 creatures vanquished.

Notes
Turn   | Place    | Note
-------+----------+-------------------------------------------
     0 | D:1      | avis the Demigod Ice Elementalist began the quest for the
                  | Orb.
     0 | D:1      | Reached XP level 1. HP: 14/14 MP: 5/5
    93 | D:1      | Reached skill level 4 in Ice Magic
   105 | D:1      | Reached XP level 2. HP: 11/22 MP: 2/7
   411 | D:1      | Reached skill level 1 in Fighting
  1447 | D:2      | Reached XP level 3. HP: 29/29 MP: 5/8
  1636 | D:2      | Noticed Robin
  1839 | D:1      | Learned a level 3 spell: Ozocubu's Armour
  2164 | D:1      | Killed Robin
  2717 | D:3      | Noticed a bullfrog
  2717 | D:3      | Noticed gebbletook2's ghost (amateur GrFi)
  2754 | D:3      | Reached XP level 4. HP: 35/36 MP: 5/9
  2969 | D:3      | Reached skill level 5 in Ice Magic
  3229 | D:3      | Reached XP level 5. HP: 39/41 MP: 0/11
  3325 | D:3      | Found a transporter.
  3330 | D:3      | Found a transporter.
  3944 | D:4      | Noticed Menkaure
  4200 | D:4      | Slain by an iguana

Illustrated notes

Levels and vault maps discovered:
D:1:      dpeg_arrival_three_same_balls, layout_basic,
          shapermc_ecumenical_altar_starsandcircs, minmay_heptomino_d4
D:2:      layout_loops_cross, basic_altar, uniq_robin
D:3:      layout_basic, serial_aquarium, aquarium_bridge_long_separate
          [aquarium_subvault_bridge, aquarium_subvault_bridge,
          aquarium_subvault_window, aquarium_subvault_wall,
          aquarium_subvault_bridge, aquarium_subvault_bridge],
          aquarium_bridge_straight [aquarium_subvault_bridge,
          aquarium_subvault_window, aquarium_subvault_bridge,
          aquarium_subvault_wall], aquarium_window_corner, aquarium_window_1,
          aquarium_window_corridor_2, aquarium_view_2c, aquarium_view_2e,
          gammafunk_ghost_arena
D:4:      layout_cave_pools, nicolae_gozag_seed_capital,
          mainiacjoe_overflow_boulevard, serial_shops, shop_statue,
          uniq_menkaure

Skill      XL: |  1  2  3  4  5 |
---------------+----------------+-----
Ice Magic      | 4 5 |  5.1
Fighting       | 2 |  2.0
Spellcasting   | 2 3 |  3.0
Dodging        | 2 |  2.0
Stealth        | 2 |  2.0

Action                   |  1- 3 |  4- 6 || total
-------------------------+-------+-------++-------
Melee: Dagger            |    41 |       ||    41
 Fire: Hunting sling     |    22 |    53 ||    75
 Cast: Freeze            |    56 |    40 ||    96
       Ozocubu's Armour  |     1 |     3 ||     4
 Stab: Sleeping          |     3 |       ||     3
Armor: Robe              |    20 |    11 ||    31
Dodge: Dodged            |    98 |    44 ||   142

Table legend: (Time is in decaauts)
 A = Elapsed time spent in this place.
 B = Non-inter-level travel time spent in this place.
 C = Inter-level travel time spent in this place.
 D = Time resting spent in this place.
 E = Time spent auto-exploring this place.
 F = Levels seen in this place.
 G = Mean time per level.
                   A        B        C        D        E       F      G
               +--------+--------+--------+--------+--------+-----+--------+
         Total |   4250 |   3966 |    284 |   1248 |   1929 |   4 | 1062.5 |
       Dungeon |   4250 |   3966 |    284 |   1248 |   1929 |   4 | 1062.5 |
               +--------+--------+--------+--------+--------+-----+--------+

Top non-repeatable levels by time:
     D:1: 1971 daAuts
     D:2: 1097 daAuts
     D:3: 1026 daAuts
     D:4: 154 daAuts
